 Dungeon Crawl Stone Soup version 0.28.0-53-g5a82cb258f (webtiles) character file.

Game seed: 18136403528657506273

294 safid the Chopper (level 6, 0/52 HPs)
             Began as a Hill Orc Fighter on July 30, 2022.
             Was a Priest of Elyvilon.
             Slain by a phantom (2 damage)
             ... on level 4 of the Dungeon.
             The game lasted 00:03:52 (2965 turns).

safid the Chopper (Hill Orc Fighter)                Turns: 2965, Time: 00:03:53

Health: 0/52       AC:  8    Str: 21    XL:     6   Next: 33%
Magic:  6/6        EV:  9    Int:  8    God:    Elyvilon [***...]
Gold:   138        SH:  4    Dex: 10    Spells: 5/5 levels left

rFire   . . .      SeeInvis .   a - +0 war axe
rCold   . . .      Faith    .   c - +0 buckler
rNeg    . . .      Spirit   .   b - +0 scale mail
rPois   .          Reflect  .   (no helmet)
rElec   .          Harm     .   (no cloak)
rCorr   .          Rampage  .   (no gloves)
Will    .....                   x - +0 pair of boots
Stlth   ..........              n - amulet of the acrobat
HPRegen 0.17/turn               (no ring)
MPRegen 0.10/turn               (no ring)

@: mighty, very slow
A: no striking features
a: Renounce Religion, Purification, Heal Other, Heal Self


You were on level 4 of the Dungeon.
You worshipped Elyvilon.
Elyvilon was most pleased with you.
You visited 1 branch of the dungeon, and saw 4 of its levels.
You also visited: Sewer.

You collected 138 gold pieces.

Inventory:

Hand Weapons
 a - a +0 war axe (weapon)
Missiles
 o - a throwing net (quivered)
 s - 8 poisoned darts
Armour
 b - a +0 scale mail (worn)
 c - a +0 buckler (worn)
 x - a +0 pair of boots (worn)
Jewellery
 n - an amulet of the acrobat (around neck)
Wands
 l - a wand of flame (19)
Scrolls
 e - 4 scrolls of identify {unknown}
 g - a scroll of fear {unknown}
 h - 2 scrolls of magic mapping {unknown}
 i - 3 scrolls of teleportation {unknown}
 j - a scroll of blinking {unknown}
 m - 2 scrolls of silence {unknown}
Potions
 d - a potion of might
 f - 3 potions of curing {unknown}
 k - 2 potions of brilliance {unknown}
 p - 2 potions of resistance {unknown}
 q - 2 potions of experience {unknown}
 r - a potion of cancellation {unknown}
 t - 2 potions of mutation {unknown}
 u - 2 potions of haste {unknown}
 v - a potion of heal wounds {unknown}
 w - a potion of magic {unknown}


   Skills:
 - Level 4.0 Fighting
 + Level 7.4 Axes
 - Level 4.0 Armour
 - Level 4.0 Shields


You had 5 spell levels left.
You didn't know any spells.
Your spell library contained the following spells:

 Spells                   Type           Power      Damage    Failure   Level
 Static Discharge         Conj/Air       0%         N/A       92%         2
 Dispel Undead            Necr           0%         3d6       100%        4
 Sticky Flame             Conj/Fire      0%         2d3       100%        4


Dungeon Overview and Level Annotations

Branches:
Dungeon (4/15)              Sewer (visited)
 Temple: D:4-7

Altars:
Elyvilon


Message History

You hit the goblin.
You kill the goblin!
You barely miss the phantom. You barely miss the hobgoblin.
You slash the goblin!
You kill the goblin!
You hit the goblin.
You kill the goblin!
The phantom hits you.
* * * LOW HITPOINT WARNING * * *
The phantom blinks!
You blink.
Splash!
You fall into the shallow water.
Moving in this stuff is going to be slow.
You block the phantom's attack.
Your unstable footing causes you to fumble your attack.
You block the hobgoblin's attack. The phantom closely misses you.
Unknown command.
You slash the hobgoblin!
You kill the hobgoblin!
You slash the phantom! The phantom closely misses you.
Unknown command.
You barely miss the phantom.
The phantom is moderately damaged.
The phantom hits you.
* * * LOW HITPOINT WARNING * * *
The phantom blinks!
You blink.
Splash!
Unknown command.
You feel very mighty all of a sudden. The phantom hits you.
* * * LOW HITPOINT WARNING * * *
You barely miss the phantom.
The phantom is moderately damaged.
The phantom hits you. Elyvilon protects you from harm!
Your unstable footing causes you to fumble your attack.
You block the phantom's attack. The phantom barely misses you.
Your unstable footing causes you to fumble your attack.
The phantom hits you.
You die...

......+ ...... #....#
....# ....#
#############''######
≈≈≈≈≈≈≈≈≈≈≈W....≈≈≈≈≈
≈≈≈≈≈≈≈≈≈≈@≈.....≈≈≈≈≈≈
≈≈≈≈≈≈≈≈≈≈≈......≈≈≈≈≈≈≈
..≈.≈≈≈≈≈≈≈.........≈.≈≈
........†..)............
........).))..).........
...........)............
.###....................
.......................
..
.##.###########..#####


You could see a phantom.

Vanquished Creatures
  A kobold brigand (Sewer)
  A hound skeleton (D:4)
  6 adders
  A gnoll (D:3)
  3 river rats (Sewer)
  A worm (D:2)
  A dart slug (D:3)
  7 orcs (D:3)
  8 endoplasms
  3 giant cockroaches (D:3)
  10 goblins
  10 hobgoblins
  3 jackals
  23 kobolds
  4 quokkas
  8 ball pythons
  2 bats
  4 frilled lizards
  21 rats
117 creatures vanquished.

Notes
Turn   | Place    | Note
-------+----------+-------------------------------------------
     0 | D:1      | safid the Hill Orc Fighter began the quest for the Orb.
     0 | D:1      | Reached XP level 1. HP: 19/19 MP: 1/1
    63 | D:1      | Reached skill level 3 in Axes
    63 | D:1      | Reached XP level 2. HP: 27/27 MP: 2/2
   246 | D:1      | Found a faded altar of an unknown god.
   255 | D:1      | Prayed at the altar of an unknown god.
   255 | D:1      | Became a worshipper of Elyvilon the Healer
   255 | D:1      | Reached * piety under Elyvilon
   496 | D:2      | Reached XP level 3. HP: 33/33 MP: 3/3
   956 | D:2      | Reached ** piety under Elyvilon
  1186 | D:3      | Reached XP level 4. HP: 22/40 MP: 4/4
  1187 | D:3      | Found a glowing drain.
  1196 | Sewer    | Entered a sewer
  1392 | Sewer    | Reached skill level 4 in Axes
  1707 | Sewer    | Reached skill level 5 in Axes
  1707 | Sewer    | Reached XP level 5. HP: 39/46 MP: 5/5
  1967 | Sewer    | Noticed a kobold brigand
  1971 | Sewer    | Killed a kobold brigand
  1972 | Sewer    | Reached skill level 6 in Axes
  2267 | D:3      | Reached XP level 6. HP: 41/52 MP: 6/6
  2351 | D:3      | Reached *** piety under Elyvilon
  2400 | D:3      | Reached skill level 7 in Axes
  2962 | D:4      | HP: 1/52 [phantom (3)]
  2963 | D:4      | Elyvilon protects you from harm!
  2965 | D:4      | Slain by a phantom

Illustrated notes

Levels and vault maps discovered:
D:1:      lightli_iron_boxes, layout_rooms, ebering_ecumenical_altar_ruins
D:2:      layout_rooms, st_stairs_12
D:3:      layout_rooms, portal_sewer_entry_d, st_stairs_9, minmay_pentomino_pile
D:4:      minmay_goblin_kobold_castle, layout_basic

Skill      XL: |  1  2  3  4  5  6 |
---------------+-------------------+-----
Axes           | 3 5 6 7 |  7.4
Fighting       | 4 |  4.0
Armour         | 4 |  4.0
Shields        | 4 |  4.0

Action                   |  1- 3 |  4- 6 || total
-------------------------+-------+-------++-------
Melee: War axe           |    85 |   167 ||   252
  Use: Potion            |       |     1 ||     1
Armor: Scale mail        |    43 |    92 ||   135
Dodge: Dodged            |    41 |   110 ||   151
Block: Buckler           |    22 |    43 ||    65
